Map: Catalyst LE

Players

Glow - Winner!

  • Race: Zerg Zerg
  • Spawn Location: 5:00

A.I. 1 (Elite)

  • Race: Protoss Protoss
  • Spawn Location: 11:00

VOD

Have the link to the VOD?

Description

Time

  • Played on: Dec. 13, 2017, 6:34 a.m.
  • Length: 8:43
Show
View Real Time Build Order
Export as new Build Order

Glow Zerg - Winner!

Build Orders: Hatch First 

Get SALT Encoding   

  12  0:00  Drone  
  13  0:13  Overlord  
  13  0:21  Drone  
  14  0:27  Drone, Extractor  
  14  0:40  Drone x2  
  16  0:52  Drone  
  17  1:04  Drone, Hatchery  
  16  1:10  Drone  
  18  1:20  Drone  
  19  1:30  Spawning Pool  
  18  1:33  Drone  
  19  1:47  Overlord  
  20  2:01  Drone  
  20  2:06  Extractor  
  19  2:12  Drone x2  
  21  2:18  Metabolic Boost  
  21  2:19  Queen  
  21  2:21  Queen  
  25  2:33  Drone x4  
  29  2:43  Drone  
  30  2:48  Drone x2  
  31  3:06  Overlord  
  31  3:07  Overlord  
  31  3:16  Evolution Chamber  
  30  3:20  Evolution Chamber  
  30  3:22  Zergling x2  
  30  3:23  Zergling x6  
  33  3:30  Zergling x2  
  33  3:32  Zergling x2  
  33  3:33  Zergling x4  
  37  3:38  Drone x2  
  37  3:39  Drone  
  40  3:50  Lair  
  40  3:54  Roach Warren  
  39  3:58  Zergling x2  
  39  3:59  Zergling x4  
  42  4:03  Drone  
  42  4:06  Drone x2  
  41  4:21  Zergling x2  
  41  4:22  Zergling x10  
  46  4:37  Zergling x8  
  46  4:38  Zergling x4  
  51  4:46  Zerg Melee Weapons Level 1  
  51  4:47  Zerg Ground Armor Level 1  
  51  4:56  Zergling x2  
  51  4:57  Overlord x2  
  48  5:35  Zergling x2  
  47  5:36  Roach  
  47  5:37  Roach x4  
  57  5:43  Baneling Nest  
  55  5:59  Hatchery  
  53  6:06  Zergling x8  
  47  6:49  Zergling x16  
  53  7:04  Roach x2  
  55  7:23  Lair  
  55  7:25  Queen  
  55  7:26  Queen  
  59  7:32  Infestation Pit  
  55  7:55  Zergling x2  
  55  7:56  Zergling x22  
  66  8:20  Drone  
  66  8:21  Drone x2  
  66  8:22  Drone x4  
Show
View Real Time Build Order
Export as new Build Order

A.I. 1 (Elite) Protoss 

Build Orders:  

Get SALT Encoding   

  12  0:00  Probe  
  13  0:13  Probe  
  14  0:21  Pylon  
  14  0:25  Probe  
  15  0:39  Probe  
  16  0:47  Assimilator  
  16  0:50  Gateway  
  16  0:51  Probe  
  17  1:00  Pylon  
  17  1:03  Probe  
  18  1:15  Probe  
  19  1:27  Probe  
  20  1:37  Zealot  
  20  1:38  Cybernetics Core  
  20  1:39  Probe  
  23  1:51  Probe  
  24  2:03  Nexus, Probe  
  25  2:15  Probe  
  25  2:17  Warp Gate  
  25  2:22  Stalker  
  28  2:27  Probe  
  29  2:33  Pylon  
  29  2:40  Probe  
  30  2:46  Gateway  
  30  2:49  Assimilator  
  30  2:52  Probe  
  30  2:56  Adept  
  33  3:04  Pylon, Probe  
  34  3:15  Probe  
  34  3:16  Probe  
  36  3:23  Adept  
  38  3:27  Probe  
  38  3:28  Probe  
  40  3:35  Robotics Facility  
  40  3:38  Adept  
  40  3:40  Probe  
  43  3:42  Probe  
  44  3:50  Adept  
  44  3:52  Probe  
  44  3:55  Probe  
  47  4:04  Probe  
  47  4:07  Adept, Probe  
  51  4:17  Probe  
  50  4:19  Probe  
  45  4:25  Stalker  
  45  4:29  Probe  
  48  4:35  Pylon  
  48  4:36  Probe  
  48  4:42  Adept  
  46  4:48  Stalker  
  40  5:01  Gateway  
  40  5:02  Adept  
  40  5:03  Probe  
  40  5:06  Probe  
  41  5:11  Adept  
  43  5:15  Probe  
  43  5:18  Probe  
  39  5:22  Adept  
  39  5:28  Probe  
  34  5:32  Sentry  
  35  5:38  Probe  
  35  5:42  Stalker  
  38  5:55  Zealot, Adept  
  38  6:03  Probe  
  34  6:05  Stalker  
  34  6:09  Assimilator  
  36  6:15  Zealot, Stalker  
  34  6:28  Zealot  
  36  6:35  Adept  
  36  6:38  Sentry  
  30  6:48  Stalker  
  32  6:55  Stalker  
  30  7:01  Zealot  
  32  7:11  Stalker  
  32  7:18  Stalker  
  32  7:22  Sentry  
  27  7:35  Adept  
  27  7:41  Zealot  
  22  7:44  Probe  
  22  7:49  Probe  
  8  8:00  Probe  
Tags
 
Matchup
PvZ
Spawn Locations
Cross Positions
Add a new tag
Caveats
  • Supply blocks, unpowered buildings, or Contaminate may cause inaccurate times.
  • Supply counts are checked every 10 seconds.